 Dungeon Crawl Stone Soup version 0.25-a0-865-gd392131cc7 (webtiles) character file.

Game seed: 6094467203912430525, levelgen mode: deterministic

26065 Gumption the Blocker (level 12, 0/112 HPs)
             Began as a Deep Dwarf Fighter on Apr 29, 2020.
             Was a High Priest of Makhleb.
             Slain by a six-headed hydra (5 damage)
             ... on level 5 of the Lair of Beasts.
             The game lasted 01:58:01 (13067 turns).

Gumption the Blocker (Deep Dwarf Fighter)          Turns: 13067, Time: 01:58:01

Health: 0/112      AC: 20    Str: 24    XL:     12   Next: 95%
Magic:  10/10      EV: 22    Int: 10    God:    Makhleb [*****.]
Gold:   772        SH: 15    Dex: 12    Spells: 11/11 levels left

rFire    . . .     SeeInvis .   w - +3 scimitar (flame)
rCold    + . .     Gourm    .   c - +1 kite shield
rNeg     . . .     Faith    .   N - +0 plate armour
rPois    +         Spirit   .   E - +2 hat
rElec    .         Reflect  .   Q - +1 cloak
rCorr    .         Harm     .   (no gloves)
MR       +....                  L - +0 pair of boots
Stlth    ..........             t - amulet of the acrobat
HPRegen  0.00/turn              G - ring of protection from cold
MPRegen  0.12/turn              S - ring of poison resistance

@: lethally poisoned (0 -> 0), acrobat, non-regenerating, studying Slings
A: damage resistance, heal wounds, sense surroundings 2, no regeneration
a: Heal Wounds, Minor Destruction, Lesser Servant of Makhleb, Major Destruction,
Greater Servant of Makhleb, Renounce Religion


You were on level 5 of the Lair of Beasts.
You worshipped Makhleb.
Makhleb was extremely pleased with you.
You were hungry.

You visited 3 branches of the dungeon, and saw 16 of its levels.

You collected 941 gold pieces.
You spent 169 gold pieces at shops.

Inventory:

Hand Weapons
 a - a +2 vorpal war axe
 b - a +0 hunting sling
 l - the +9 hand axe of the Lame Duck {elec, rElec MR+ MP+9 Str-2 Int+3, unknown}
   (You found it on level 10 of the Dungeon)

   Occasionally, upon striking a foe, it will discharge some electrical energy
   and cause terrible harm.
   It affects your strength (-2).
   It affects your intelligence (+3).
   It insulates you from electricity.
   It affects your resistance to hostile enchantments.
   It affects your magic capacity (+9).
 q - a +1 vampiric whip
 w - a +3 scimitar of flaming (weapon)
 z - the +7 falchion "Ultimatum" {venom, *Rage rPois Str+4}
   (You found it on level 4 of the Dungeon)

   It poisons the flesh of those it strikes.
   It affects your strength (+4).
   It protects you from poison.
   It may make you go berserk in combat.
 U - a +1 war axe
Missiles
 g - 260 stones
 h - 64 poisoned darts (quivered)
 r - 4 throwing nets
 u - 119 sling bullets
 y - 3 curare-tipped darts
Armour
 c - a +1 kite shield (worn)
 E - a +2 hat (worn)
 L - a +0 pair of boots (worn)
 N - a +0 plate armour (worn)
 Q - a +1 cloak (worn)
 T - a scarf of repulsion
Jewellery
 p - an uncursed amulet of magic regeneration {unknown}
 t - an amulet of the acrobat (around neck)
 G - a ring of protection from cold (left hand)
 O - an uncursed ring of ice
 S - a ring of poison resistance (right hand)
 V - an uncursed ring of resist corrosion
Wands
 I - a wand of iceblast (16)
 M - a wand of enslavement (8)
 R - a wand of digging (3)
 X - a wand of acid (9)
 Y - a wand of flame (4)
Scrolls
 i - 5 scrolls of teleportation
 o - a scroll of fog
 s - 3 scrolls of enchant weapon
 B - 3 scrolls of immolation
 D - 7 scrolls of remove curse
 F - a scroll of fear
 K - 2 scrolls of blinking
 P - 2 scrolls of magic mapping
 W - 3 scrolls of vulnerability {unknown}
Potions
 d - 3 potions of might
 f - a potion of invisibility
 j - 3 potions of curing
 k - 2 potions of haste
 m - 7 potions of heal wounds
 n - a potion of ambrosia
 v - 5 potions of lignification
 A - a potion of berserk rage {unknown}
 C - 2 potions of stabbing
 H - 3 potions of flight
 J - 2 potions of brilliance
Books
 x - a manual of Slings
Comestibles
 e - 27 rations


   Skills:
 + Level 8.8 Fighting
 * Level 13.7 Axes
 + Level 10.4 Armour
 * Level 13.9 Shields


You had 11 spell levels left.
You didn't know any spells.
Your spell library contained the following spells:

 Spells                   Type           Power        Failure   Level  Hunger
 Sting                    Tmut/Pois      #...         99%         1    ##.....
 Summon Small Mammal      Summ           #...         99%         1    ##.....
 Call Imp                 Summ           #.......     100%        2    ###....
 Corpse Rot               Necr/Air       N/A          100%        2    ###....
 Poisonous Vapours        Pois/Air       #.....       100%        2    ###....
 Call Canine Familiar     Summ           #.......     100%        3    ####...
 Confusing Touch          Hex            #.......     100%        3    ####...
 Gell's Gravitas          Tloc           #.........   100%        3    ####...
 Ignite Poison            Fire/Tmut/Pois #.......     100%        3    ####...
 Mephitic Cloud           Conj/Pois/Air  #.......     100%        3    ####...
 Stone Arrow              Conj/Erth      #.....       100%        3    ####...
 Summon Guardian Golem    Hex/Summ       #.......     100%        3    ####...
 Olgreb's Toxic Radiance  Pois           #.......     100%        4    #####..
 Petrify                  Tmut/Erth      #.......     100%        4    #####..
 Summon Ice Beast         Ice/Summ       #.......     100%        4    #####..
 Summon Lightning Spire   Summ/Air       #.......     100%        4    #####..
 Metabolic Englaciation   Hex/Ice        #.........   100%        5    ######.
 Summon Forest            Summ/Tloc      #.........   100%        5    ######.
 Yara's Violent Unravell  Hex/Tmut       #.........   100%        5    ######.
 Eringya's Noxious Bog    Tmut/Pois      #.........   100%        6    #######
 Hydra Form               Tmut           #.........   100%        6    #######
 Summon Hydra             Summ           #.........   100%        7    #######


Dungeon Overview and Level Annotations

Branches:
Dungeon (10/15)            Temple (1/1) D:4            Lair (4/6) D:8
  Swamp (0/4) Lair:3          Orc (0/2) D:10
  Snake: Lair:2-4    Spider: Lair:2-4

Altars:
Ashenzari
Cheibriados
Dithmenos
Elyvilon
Fedhas
Gozag
Hepliaklqana
Kikubaaqudgha
Makhleb
Nemelex Xobeh
Okawaru
Qazlal
Ru
Sif Muna
Trog
Uskayaw
Vehumet
Wu Jian
Xom
Yredelemnul
Zin
The Shining One

Shops:
D:7 }   D:9 }

Annotations:
D:5 2 transporters, niknal's ghost, novice DsFi
D:6 2 transporters, exclusion: oklob plant
D:8 exclusion: door
Lair:1 exclusion: 2 oklob plants


Innate Abilities, Weirdness & Mutations

You are resistant to damage.
You can heal yourself by infusing magical energy.
You passively map the area around you.
You do not regenerate.


Message History

You block the six-headed hydra's attack.
The six-headed hydra barely misses you.
The six-headed hydra bites you but does no damage.
The spiny frog stings you.
* * * LOW HITPOINT WARNING * * *
You block the six-headed hydra's attack. x2
The six-headed hydra closely misses you.
The six-headed hydra completely misses you.
The six-headed hydra bites you but does no damage. x2
You block the six-headed hydra's attack. x3
The six-headed hydra bites you.
* * * LOW HITPOINT WARNING * * *
The six-headed hydra misses you.
The six-headed hydra completely misses you.
You block the spiny frog's attack. The six-headed hydra misses you.
You block the six-headed hydra's attack. x3
The six-headed hydra bites you but does no damage.
The six-headed hydra bites you!
You die...

* * .#..# .#. , ,,.P..
P..#.## , * , ..# #..,..# ,
, ,,, #?# #.##.#* ,
,,#.###.#P.# * #..#...P.##
* * *...#.##...#.PP..#
.........DF....#* * *
....#..###@..### ,, .. ###*
##..#### ,* ##.###.# , *
#...##.### * * **
#PP.#....## ,* , , , ,
#.........# , , ,
#..#.###..# ,
......##....##
..............##.....†....#


You could see a six-headed hydra and a spiny frog.

Vanquished Creatures
  Fannar (Lair:1)
  Harold (D:10)
  4 hydras
  Erica (D:9)
  A two-headed ogre (D:10)
  A queen ant (D:9)
  Urug (D:10)
  2 black mambas (Lair:2)
  2 torpor snails
  4 spiny frogs
  3 komodo dragons
  3 rime drakes
  A merfolk (D:10)
  A hornet (D:9)
  7 blink frogs
  2 dream sheep (Lair:2)
  6 hippogriffs
  27 yaks
  6 soldier ants (D:9)
  5 water moccasins
  5 porcupines
  5 ice beasts
  2 orc warriors
  6 sky beasts
  3 wolves (Lair:2)
  5 centaurs
  2 necrophages (D:10)
  8 ogres
  6 crocodiles
  A big kobold (D:7)
  13 bullfrogs
  3 scorpions
  A wight (D:10)
  7 howler monkeys
  2 crimson imps
  2 bullfrog zombies
  A jelly (D:9)
  2 centaur skeletons
  10 orc priests
  5 bullfrog skeletons
  3 hounds
  3 iguanas
  11 orc wizards
  Terence (D:2)
  Natasha (thrice) (D:2)
  29 worker ants
  A hound skeleton (D:7)
  A worker ant zombie (D:10)
  A howler monkey zombie (D:6)
  9 adders
  3 shadow imps
  2 oozes
  An adder zombie (D:7)
  2 worms (D:3)
  3 dart slugs (D:3)
  5 leopard geckos
  52 orcs
  5 giant cockroaches
  8 goblins
  10 hobgoblins
  7 jackals
  16 kobolds
  4 quokkas
  A ball python (D:3)
  12 bats
  6 frilled lizards
  A leopard gecko skeleton (D:4)
  5 rats
  5 fungi
378 creatures vanquished.

Vanquished Creatures (others)
  A human (D:10)
  2 fungi (Lair:4)
  7 plants (Lair:4)
10 creatures vanquished.

Grand Total: 388 creatures vanquished

Notes
Turn   | Place    | Note
-------+----------+-------------------------------------------
     0 | D:1      | Gumption the Deep Dwarf Fighter began the quest for the
                  | Orb.
     0 | D:1      | Reached XP level 1. HP: 20/20 MP: 1/1
   207 | D:1      | Reached XP level 2. HP: 25/27 MP: 2/2
   694 | D:2      | Noticed Terence
   723 | D:2      | Killed Terence
   723 | D:2      | Reached XP level 3. HP: 22/33 MP: 3/3
  1137 | D:2      | Reached XP level 4. HP: 21/42 MP: 4/4
  1346 | D:2      | Noticed Natasha
  1379 | D:2      | Killed Natasha
  1589 | D:2      | Noticed Natasha
  1599 | D:2      | Killed Natasha
  1758 | D:2      | Noticed Natasha
  1767 | D:2      | Killed Natasha
  1767 | D:2      | Reached XP level 5. HP: 43/49 MP: 5/5
  2844 | D:4      | Noticed an ogre
  2858 | D:4      | Killed an ogre
  2858 | D:4      | Reached skill level 5 in Shields
  2858 | D:4      | Reached XP level 6. HP: 48/56 MP: 6/6
  3321 | D:4      | Reached skill level 5 in Axes
  3321 | D:4      | Reached XP level 7. HP: 44/63 MP: 7/7
  3460 | D:4      | Found a staircase to the Ecumenical Temple.
  3486 | Temple   | Entered the Ecumenical Temple
  3571 | Temple   | Became a worshipper of Makhleb the Destroyer
  3670 | D:4      | Reached skill level 5 in Armour
  3732 | D:4      | Got a faintly glowing falchion
  3983 | D:5      | Entered Level 5 of the Dungeon
  4395 | D:5      | Reached XP level 8. HP: 11/72 MP: 8/8
  4522 | D:5      | Noticed niknal's ghost (novice DsFi)
  4522 | D:5      | Identified the +5 great mace of Egomania {holy, *Slow
                  | Dex+6}
  4523 | D:5      | Found a transporter.
  4524 | D:5      | Found a transporter.
  5049 | D:6      | Found a transporter.
  5052 | D:6      | Found a transporter.
  5241 | D:6      | Reached * piety under Makhleb
  5309 | D:6      | Reached skill level 5 in Fighting
  5618 | D:6      | Gained mutation: You passively map the area around you.
                  | [Deep Dwarf growth]
  5618 | D:6      | Reached XP level 9. HP: 74/81 MP: 7/7
  5629 | D:6      | Found a shimmering altar of Xom.
  5629 | D:6      | Noticed an oklob plant
  6322 | D:7      | Found Fopriwk's Gadget Emporium.
  6344 | D:7      | Bought a wand of iceblast (9) for 169 gold pieces
  6587 | D:8      | Upgraded the game from 0.25-a0-860-gf695395b5c to
                  | 0.25-a0-865-gd392131cc7
  6787 | D:8      | Found a glowing silver altar of Zin.
  7015 | D:8      | Found a shimmering blue altar of Sif Muna.
  7072 | D:8      | Reached ** piety under Makhleb
  7178 | D:8      | Found a staircase to the Lair.
  7372 | D:8      | Identified the +7 falchion "Ultimatum" {venom, *Rage rPois
                  | Str+4} (You found it on level 4 of the Dungeon)
  7454 | D:9      | Reached XP level 10. HP: 66/91 MP: 8/8
  7488 | D:9      | Reached skill level 10 in Shields
  7544 | D:9      | Noticed Erica
  7557 | D:9      | Killed Erica
  7557 | D:9      | Reached skill level 10 in Axes
  7619 | D:9      | Found Rifybov's Gadget Shop.
  7720 | D:9      | Found a blossoming altar of Fedhas.
  7725 | D:9      | Found a basalt altar of Yredelemnul.
  7729 | D:9      | Found a hazy altar of Hepliaklqana.
  7738 | D:9      | Found an iron altar of Okawaru.
  7943 | D:9      | Noticed a queen ant
  7961 | D:9      | Killed a queen ant
  8106 | D:9      | Reached *** piety under Makhleb
  8187 | D:9      | Reached XP level 11. HP: 47/99 MP: 9/9
  8528 | D:10     | Entered Level 10 of the Dungeon
  8585 | D:10     | Got a brightly glowing hand axe
  8610 | D:10     | Noticed Harold
  8640 | D:10     | Killed Harold
  8853 | D:10     | Reached **** piety under Makhleb
  8882 | D:10     | Found a staircase to the Orcish Mines.
  9184 | D:10     | Noticed a two-headed ogre
  9194 | D:10     | Killed a two-headed ogre
  9220 | D:10     | Noticed Urug
  9293 | D:10     | Killed Urug
  9484 | D:10     | Found an ancient bone altar of Kikubaaqudgha.
 10177 | Lair:1   | Entered Level 1 of the Lair of Beasts
 10215 | Lair:1   | Noticed Fannar
 10307 | Lair:1   | Killed Fannar
 10584 | Lair:1   | Noticed a six-headed hydra
 10594 | Lair:1   | Killed a one-headed hydra
 10684 | Lair:1   | Reached XP level 12. HP: 80/110 MP: 10/10
 11047 | Lair:2   | Found a shimmering altar of Xom.
 11123 | Lair:2   | Noticed a four-headed hydra
 11137 | Lair:2   | Killed a one-headed hydra
 11159 | Lair:2   | Noticed a seven-headed hydra
 11176 | Lair:2   | Killed a two-headed hydra
 11530 | Lair:2   | Reached skill level 10 in Armour
 11963 | Lair:3   | Reached ***** piety under Makhleb
 12017 | Lair:3   | Found a staircase to the Swamp.
 12814 | Lair:4   | Noticed a four-headed hydra
 12829 | Lair:4   | Killed a one-headed hydra
 12974 | Lair:4   | You fall into a shaft and drop 1 floor!
 13044 | Lair:5   | Noticed an eight-headed hydra
 13065 | Lair:5   | HP: 5/112 [six-headed hydra (3)]
 13067 | Lair:5   | Slain by a six-headed hydra

Levels and vault maps discovered:
D:1:      minmay_arrival_radiant_lines, layout_basic,
          corexii_item_surrounded_by_moat
D:2:      layout_basic, first_ration, uniq_terence, uniq_natasha
D:3:      minmay_diamond_boxcup, layout_loops_ring
D:4:      layout_loops_ring, minmay_temple_entry_proselytizer,
          minmay_manual_moon
D:5:      layout_cave_pods, gammafunk_ghost_smash
D:6:      gammafunk_steamed_eel, layout_loops_ring, lemuel_oklob_altar
D:7:      layout_loops_cross, serial_shops, shop
D:8:      layout_rooms, led_sif_book, zin_statuary,
          grunt_lair_entry_orc_guard_hut, serial_curves, eino_curves_03,
          eino_curves_01, eino_curves_03, kennysheep_big_empty_room
D:9:      layout_rooms, fedhas_altar_3, nicolae_overflow_hidden_temple,
          serial_shops, shop, minmay_another_anthill, uniq_erica
D:10:     layout_layer_cave, hiddenorc2_lemuel, serial_undead, serial_undead_e,
          serial_undead_d, serial_undead_c, serial_undead_a,
          hangedman_fish_farm, tgw_kikubaaqudgha, uniq_urug, uniq_harold
Temple:   nicolae_temple_x_marks_the_god
Lair:1:   dpeg_oklob_gauntlet, layout_misc_corridors, grunt_megastairs_2,
          infiniplex_staircase_pool, uniq_fannar
Lair:2:   layout_gridlike, basic_altar, lemuel_fruit_fields
Lair:3:   layout_loops_ring, swamp_mist_pool
Lair:4:   layout_loops_ring, dummy_snake_entry
Lair:5:   layout_loops_ring, bobbens_dragon_lair_wall

Skill      XL: |  1  2  3  4  5  6  7  8  9 10 11 12 |
---------------+-------------------------------------+-----
Axes           | 3 4 5 6 7 9 10 12 13 | 13.7
Fighting       | 3 4 5 6 7 8 |  8.8
Shields        | 4 5 6 8 9 11 12 13 | 13.9
Armour         | 4 5 6 7 8 9 10 | 10.4

Action                   |  1- 3 |  4- 6 |  7- 9 | 10-12 || total
-------------------------+-------+-------+-------+-------++-------
Melee: War axe           |    75 |   222 |   400 |   947 ||  1644
       Scimitar          |       |       |       |    38 ||    38
 Fire: Hunting sling     |       |     4 |     9 |       ||    13
Throw: Stone             |    22 |     5 |       |       ||    27
       Dart              |     3 |    31 |    66 |   129 ||   229
 Abil: Heal Wounds       |       |     5 |    13 |     4 ||    22
  Use: Scroll            |       |     8 |     9 |     4 ||    21
  Eat: Chunk             |       |     8 |    14 |    22 ||    44
Armor: Scale mail        |    38 |   103 |       |       ||   141
       Chain mail        |       |     3 |   149 |    27 ||   179
       Plate armour      |       |       |       |   365 ||   365
Dodge: Dodged            |    22 |    56 |    89 |   179 ||   346
       Repelled          |       |       |       |     1 ||     1
Block: Kite shield       |    47 |   133 |   216 |   602 ||   998
       Rpst.: Scimitar   |       |       |       |     3 ||     3

Table legend:
 A = Non-vault XP
 B = Vault XP
 C = Vault XP percentage of total XP
 D = Non-vault monster count
 E = Vault monster count
 F = Vault count percentage of total count
                 A         B        C        D         E       F
            +---------+---------+-------+---------+---------+-------
      Total |   29174 |    8063 |  21.7 |     287 |      86 |  23.1
            +---------+---------+-------+---------+---------+-------
        D:1 |      13 |       0 |   0.0 |       7 |       0 |   0.0
        D:2 |     137 |      71 |  34.1 |      27 |       2 |   6.9
        D:3 |      90 |      19 |  17.4 |      32 |       8 |  20.0
        D:4 |     636 |     162 |  20.3 |      25 |       2 |   7.4
        D:5 |     871 |       0 |   0.0 |      18 |       0 |   0.0
        D:6 |     836 |       0 |   0.0 |      26 |       0 |   0.0
        D:7 |    1591 |       0 |   0.0 |      21 |       0 |   0.0
        D:8 |     267 |     532 |  66.6 |      10 |       5 |  33.3
        D:9 |    2524 |    3437 |  57.7 |      23 |      30 |  56.6
       D:10 |    2988 |    2819 |  48.5 |      25 |      38 |  60.3
     Lair:1 |    4017 |    1023 |  20.3 |      16 |       1 |   5.9
     Lair:2 |    8337 |       0 |   0.0 |      29 |       0 |   0.0
     Lair:3 |    3449 |       0 |   0.0 |      17 |       0 |   0.0
     Lair:4 |    2979 |       0 |   0.0 |      10 |       0 |   0.0
     Lair:5 |     439 |       0 |   0.0 |       1 |       0 |   0.0
            +---------+---------+-------+---------+---------+-------
